 Dungeon Crawl Stone Soup version 0.32-a0-909-gc671339a80 (webtiles) character file.

Game seed: 721134499379638504

258447 Foxy the Fetichist (level 19, -9/234 HPs)
             Began as a Coglin Berserker on Apr 6, 2024.
             Was a High Priest of Trog.
             Incinerated by a balrug (12 damage)
             ... with a pyre arrow
             ... on level 1 of the Vaults.
             The game lasted 01:15:42 (33294 turns).

Foxy the Fetichist (Coglin Berserker)              Turns: 33294, Time: 01:15:47

Health: -9/234     AC: 34    Str: 24    XL:     19   Next: 87%
Magic:  28/28      EV: 11    Int:  8    God:    Trog [*****.]
Gold:   2594       SH:  0    Dex: 16    Spells: 18/18 levels left

rFire   . . .        V - +6 demon whip (venom) {Fatehjeet}
rCold   . . .        v - +6 broad axe (heavy) {Pancho}
rNeg    + + .        K - +9 plate armour "Zygyodaj" {rPois rN++ MP+9 Slay+2}
rPois   +            G - +2 hat
rElec   +            y - +0 cloak
rCorr   +            S - +1 pair of gloves of Widwyczo {^Contam Regen+ Str+2}
SInv    .            t - +2 pair of boots {Stlth+}
Will    +....        (amulet unavailable) Stlth
                     (ring unavailable)
HPRegen 1.39/turn    (ring unavailable)
MPRegen 0.21/turn    Q - tungsten retrocapacitor {rPois rCorr Slay+3 Clar RMsl}

%: repel missiles, clarity
@: berserking, on fire, glowing, revved, very quick
A: off-hand wielding, slow wielding, warmup strikes, no jewellery, electricity
resistance
}: 2/15 runes: decaying, serpentine
a: Renounce Religion, Berserk, Trog's Hand, Brothers in Arms


You were on level 1 of the Vaults.
You worshipped Trog.
Trog was extremely pleased with you.
You visited 6 branches of the dungeon, and saw 31 of its levels.

You collected 4022 gold pieces.
You spent 1428 gold pieces at shops.

Inventory:

Hand Weapons
 v - a +6 heavy broad axe (offhand) {Pancho}
 R - a +2 demon whip of venom {Adalbert}
 V - a +6 demon whip of venom (weapon) {Fatehjeet}
Missiles
 a - 8 curare-tipped darts
 A - 5 throwing nets
 I - 45 poisoned darts (quivered)
Armour
 t - a +2 pair of boots of stealth (worn)
 y - a +0 cloak (worn)
 D - the +2 pair of gloves "Hero's Friend" {rF+ rC- Will+}
   (You found it on level 2 of the Snake Pit)

   rF+:       It protects you from fire.
   rC-:       It makes you vulnerable to cold.
   Will+:     It increases your willpower.
 G - a +2 hat (worn)
 K - the +9 plate armour "Zygyodaj" (worn) {rPois rN++ MP+9 Slay+2}
   (You found it on level 9 of the Dungeon)

   Slay+2:    It affects your accuracy & damage with ranged weapons and melee
   (+2).
   rPois:     It protects you from poison.
   rN++:      It greatly protects you from negative energy.
   MP+9:      It affects your magic capacity (+9).
 S - the +1 pair of gloves of Widwyczo (worn) {^Contam Regen+ Str+2}
   (You acquired it on level 4 of the Lair of Beasts)

   Str+2:     It affects your strength (+2).
   ^Contam:   It causes magical contamination when unequipped.
   Regen+:    It increases your rate of health regeneration.
Gizmo
 Q - a tungsten retrocapacitor (installed) {rPois rCorr Slay+3 Clar RMsl}
   (You invented it yourself on level 1 of the Lair of Beasts)

   [tungsten retrocapacitor]

   Slay+3:    It affects your accuracy & damage with ranged weapons and melee
   (+3).
   rPois:     It protects you from poison.
   Clar:      It protects you from confusion, rage, mesmerisation and fear.
   RMsl:      It protects you from missiles.
   rCorr:     It protects you from acid and corrosion.
Wands
 x - a wand of acid (10)
 E - a wand of digging (2)
 L - a wand of warping (23)
 M - a wand of charming (18)
 N - a wand of flame (47)
 P - a wand of polymorph (19)
Scrolls
 b - 5 scrolls of immolation
 d - 8 scrolls of fear
 e - 4 scrolls of poison
 g - 5 scrolls of vulnerability
 h - 14 scrolls of teleportation
 l - 4 scrolls of butterflies
 o - 3 scrolls of revelation
 p - 3 scrolls of enchant armour
 u - 5 scrolls of identify
 z - 2 scrolls of blinking
 O - a scroll of torment
 W - a scroll of fog
 X - a scroll of brand weapon
Potions
 c - 6 potions of attraction
 f - 4 potions of mutation
 j - 3 potions of enlightenment
 k - 5 potions of heal wounds
 n - 7 potions of might
 q - 13 potions of curing
 r - a potion of magic
 s - 5 potions of lignification
 w - 3 potions of haste
 C - a potion of ambrosia
 F - a potion of cancellation
 H - 3 potions of resistance
 T - a potion of invisibility {unknown}
 U - a potion of berserk rage
Miscellaneous
 i - a lightning rod (4/4)
 m - a box of beasts
 B - a phial of floods
 J - a condenser vane (inert)


   Skills:
 + Level 15.6 Fighting
 - Level 12.4(18.0) Axes
 - Level 15.0(16.5) Maces & Flails
 - Level 12.7(14.4) Polearms
 - Level 3.0 Throwing
 + Level 13.1 Armour
 + Level 10.8 Dodging
 + Level 16.0 Evocations


You had 18 spell levels left.
You didn't know any spells.
Your spell library was empty.

Dungeon Overview and Level Annotations

Branches:
Dungeon (15/15)            Temple (0/1) D:4            Lair (5/5) D:11
  Swamp (4/4) Lair:2        Snake (4/4) Lair:2        Slime (0/5) Lair:5
    Orc (2/2) D:10            Elf (0/3) Orc:2        Vaults (1/5) D:14
 Depths (0/4) D:15

Altars:
Cheibriados
Elyvilon
Fedhas
Gozag
Hepliaklqana
Kikubaaqudgha
Nemelex Xobeh
Okawaru
Qazlal
Ru
Trog
Uskayaw
Vehumet
Yredelemnul
Zin
The Shining One
Beogh
Jiyva
Lugonu

Shops:
D:4 [   D:7 (   Orc:2 (*=(

Portals:
Abyss: Lair:5

Annotations:
D:8 2 transporters, Krumphau's ghost, novice DsMo
D:9 1 runed translucent door, Biggs's ghost, journeyman CoHu
D:12 2 transporters, Iich's ghost, journeyman DsFi
Lair:4 2 transporters, Munuj's ghost, journeyman MDFi
Vaults:1 1 runed translucent door, Epirepp's ghost, adept DrSh


Innate Abilities, Weirdness & Mutations

You can wield a second weapon in your off-hand.
It takes a long time for you to wield or remove held weapons.
Your first few attacks do less damage.
You cannot equip rings or amulets.
You are resistant to electric shocks. (rElec)


Message History

The liquid fire burns you!
* * * LOW HITPOINT WARNING * * *
The hell knight hits you with a +1 demon blade of draining.
* * * LOW HITPOINT WARNING * * *
You partially resist.
The hell knight hits you but does no damage.
The hell knight hits you with a +4 war axe!
* * * LOW HITPOINT WARNING * * *
There is an open door, spattered with blood here.
Items here: ))) [[[ †.
You hit the hell knight with your +6 heavy broad axe.
The hell knight is heavily wounded.
You hit the hell knight with your +6 heavy broad axe.
You closely miss the hell knight with your +6 heavy broad axe.
You whack the hell knight with your +6 demon whip of venom!
The hell knight looks as sick as possible!
The liquid fire burns you!
* * * LOW HITPOINT WARNING * * *
The hell knight hits you but does no damage.
You partially resist.
The hell knight hits you but does no damage.
You carve the hell knight like a ham with your +6 heavy broad axe!!!
The hell knight is severely wounded.
You slice the hell knight with your +6 heavy broad axe!!
You kill the hell knight!
Trog accepts your kill.
You closely miss the hell knight with your +6 heavy broad axe.
You hit the hell knight with your +6 demon whip of venom.
The hell knight is poisoned.
The liquid fire burns you!
* * * LOW HITPOINT WARNING * * *
The hell knight utters an invocation to its god.
The hell knight seems to speed up.
You slice the hell knight like a ripe choko with your +6 heavy broad axe!!!
You feel the power of Trog in you as your rage grows.
You kill the hell knight!
Trog accepts your kill.
You barely miss the hell knight with your +6 heavy broad axe.
The liquid fire burns you!
You die...

...# #.........# #....
..###############'#####'#####....
...+........#....[.........##....
..##........#..............##....
...'........'§§''§§''''''..##....
..##........#§§'+§'+++++'..##....
...#........#.§§§§''§+++'..######
..##........#..))'§§!§++'..'.....
...##########..)@)§}§§++'..#.....
..## #..p)'§[§.++'..#..... ''##
#..'++§.§(++'..#..... ...# #..'+
++'+++'..#..... ...#
#..'++++++++'..#..... ...#
#..''''''''''..#..... ...#
#..............#..... ####
#..............#..... ...#
################.....


You could see a hell knight (fast, poisoned).

Vanquished Creatures
  Mara (Snake:3)
  A hellephant (Vaults:1)
  A quicksilver dragon (Snake:4)
  A thorn hunter (Swamp:4)
  Roxanne (Snake:1)
  Aizul (Snake:3)
  The ghost of RBrandon the Skirmisher, an adept MDMo of Hepliaklqana (Snake:2)
  7 nagarajas
  A fenstrider witch (Swamp:3)
  4 orc warlords
  A balrug (Vaults:1)
  A formless jellyfish (Vaults:1)
  An ironbound preserver (Vaults:1)
  2 ironbound thunderhulks (Vaults:1)
  6 eleionomae
  4 dire elephants (Vaults:1)
  Azrael (D:13)
  8 bunyips
  2 ettins (Orc:2)
  2 shambling mangroves (Swamp:3)
  2 great orbs of eyes (Vaults:1)
  A yaktaur captain (Vaults:1)
  11 hydras
  Harold (Orc:1)
  8 vault guards (D:14)
  6 salamander tyrants (Snake:4)
  2 ogre magi
  13 centaur warriors
  An ironbound frostheart (Vaults:1)
  5 boulder beetles
  3 ghost crabs
  12 alligators
  10 anacondas
  3 tengu warriors
  6 two-headed ogres
  3 death yaks (Lair:5)
  Urug (Orc:1)
  A deep troll earth mage (D:15)
  12 naga sharpshooters
  16 naga warriors
  13 hell knights (Vaults:1)
  A spriggan berserker (Swamp:3)
  An orc high priest (Orc:2)
  Amaemon (Lair:1)
  3 thrashing horrors (Lair:5)
  Nergalle (Lair:1)
  5 shock serpents
  6 skeletal warriors
  2 salamander mystics
  3 goliath frogs
  A death drake (Swamp:3)
  16 swamp dragons
  5 deep trolls (Vaults:1)
  2 sea snakes (Snake:2)
  4 spriggan druids
  An arcanist (Vaults:1)
  7 naga ritualists
  A bog body (Swamp:4)
  Pikel (D:7)
  9 mana vipers
  A spectral anaconda (Snake:2)
  3 ironbound convokers (Vaults:1)
  An obsidian bat (Orc:2)
  13 orc knights
  5 harpies (Vaults:1)
  3 lindwurms (Swamp:4)
  A wolf spider (D:15)
  3 large abominations (Lair:5)
  3 orc sorcerers
  13 ugly things
  Maurice (D:9)
  5 deep elf pyromancers
  An oklob plant (Lair:5)
  13 salamanders
  7 manticores
  3 cyclopes
  4 will-o-the-wisps
  5 kobold blastminers
  14 elephants
  41 black mambas
  4 vault sentinels (Vaults:1)
  A spectral mana viper (Snake:2)
  4 smoke demons (Lair:5)
  4 guardian serpents (Snake:3)
  11 naga magi
  17 cane toads
  2 unseen horrors (D:10)
  Maggie (D:7)
  9 komodo dragons
  An orange demon (Lair:1)
  A yaktaur (Vaults:1)
  A freezing wraith (D:15)
  An efreet (D:15)
  2 kobold demonologists
  An anaconda simulacrum (Snake:2)
  2 tengu conjurers
  A bloated husk (Swamp:3)
  A queen bee (shapeshifter) (D:10)
  11 hornets
  2 polar bears (Lair:3)
  12 trolls
  11 saltlings (Orc:2)
  3 raiju (Lair:5)
  31 blink frogs
  6 tyrant leeches
  A spectral guardian serpent (Snake:2)
  2 shock serpent simulacra (Snake:2)
  29 slime creatures
  A shadow (D:12)
  A vampire (D:9)
  10 spriggans
  A ynoxinul (Lair:5)
  6 wyverns
  21 yaks
  8 small abominations (Lair:5)
  6 wraiths
  3 fire elementals (D:13)
  A hog (shapeshifter) (D:15)
  13 vampire mosquitoes
  7 basilisks
  5 wargs
  Grum (D:8)
  4 steam dragons
  A chaos spawn (Lair:5)
  38 nagas
  13 swamp worms
  2 acid dragons
  9 water moccasins
  3 hell hounds (D:13)
  Duvessa (D:5)
  27 orc warriors
  3 spectral nagas (Snake:2)
  7 swamp drakes (Swamp:4)
  5 black bears
  5 ogres
  11 wolves
  10 centaurs
  4 lemures (D:7)
  7 kobold brigands
  2 weeping skulls (D:9)
  18 bullfrogs
  2 gnoll sergeants
  2 scorpions
  A wyvern zombie (D:9)
  6 wights
  Dowan (D:5)
  A troll zombie (Swamp:4)
  7 howler monkeys
  5 electric eels
  5 troll skeletons (Swamp:4)
  3 bombardier beetles
  3 centaur zombies (D:9)
  A human zombie (D:9)
  6 hounds
  A jelly (D:6)
  A gnoll bouda (D:6)
  16 orc priests
  7 iguanas
  2 sleepcaps (D:6)
  Jessica (D:3)
  Natasha (thrice) (D:2)
  19 orc wizards
  5 hell rats (Lair:3)
  4 mummies (D:9)
  7 adders
  13 gnolls
  2 naga simulacra (Snake:2)
  A shadow imp (D:5)
  A white imp (D:7)
  A howler monkey simulacrum (D:10)
  A ribbon worm (D:2)
  3 dart slugs
  56 orcs
  9 endoplasms
  4 giant cockroaches
  7 goblins
  9 hobgoblins
  27 kobolds
  4 quokkas
  4 ball pythons
  9 bats
  4 frilled lizards
  9 rats
1086 creatures vanquished.

Vanquished Creatures (others)
  An eleionoma (Swamp:1)
  A bloated husk (Swamp:4)
  An orc warrior (Orc:2)
  17 foxfires
20 creatures vanquished.

Grand Total: 1106 creatures vanquished

Notes
Turn   | Place    | Note
-------+----------+-------------------------------------------
     0 | D:1      | Foxy the Coglin Berserker began the quest for the Orb.
     0 | D:1      | Reached XP level 1. HP: 18/18 MP: 1/1
    70 | D:1      | Reached XP level 2. HP: 18/24 MP: 2/2
   336 | D:1      | Reached XP level 3. HP: 27/29 MP: 3/3
   623 | D:1      | Reached ** piety under Trog
   992 | D:2      | Identified the +0 ring mail of the Saviour {Str+3}
  1130 | D:2      | Noticed Natasha
  1133 | D:2      | Killed Natasha
  1134 | D:2      | Reached XP level 4. HP: 35/35 MP: 4/4
  1341 | D:2      | Noticed Natasha
  1346 | D:2      | Killed Natasha
  1463 | D:2      | Noticed Natasha
  1474 | D:2      | Killed Natasha
  1475 | D:2      | Reached XP level 5. HP: 41/42 MP: 5/5
  1867 | D:3      | Noticed Jessica
  1871 | D:3      | Killed Jessica
  2210 | D:4      | Reached XP level 6. HP: 48/48 MP: 6/6
  2214 | D:4      | Found Gyograqon's Antique Armour Shop.
  2501 | D:4      | Reached *** piety under Trog
  2541 | D:4      | Noticed a black bear
  2546 | D:4      | Killed a black bear
  2547 | D:4      | Reached skill level 5 in Maces & Flails
  2631 | D:4      | Found a staircase to the Ecumenical Temple.
  3016 | D:5      | Entered Level 5 of the Dungeon
  3200 | D:5      | Reached XP level 7. HP: 27/55 MP: 7/7
  3238 | D:5      | Gained mutation: You are resistant to electric shocks.
                  | (rElec) [potion of mutation]
  3436 | D:5      | Reached skill level 1 in Axes
  3683 | D:5      | Noticed Duvessa
  3683 | D:5      | Noticed Dowan
  3690 | D:5      | Killed Duvessa
  3691 | D:5      | Reached skill level 5 in Fighting
  3704 | D:5      | Killed Dowan
  3705 | D:5      | Reached XP level 8. HP: 21/62 MP: 8/8
  4381 | D:6      | You fall into a shaft and drop 1 floor!
  4581 | D:7      | Found Busis's Weapon Shop.
  4722 | D:6      | Found a stormy altar of Qazlal.
  4723 | D:6      | Noticed a water elemental
  4726 | D:6      | Noticed an air elemental
  4893 | D:6      | Noticed a +0 falchion
  4894 | D:6      | Noticed a +0 spear
  4894 | D:6      | Noticed a +0 dagger
  4894 | D:6      | Noticed a +0 falchion
  4895 | D:6      | Noticed a +0 short sword
  4895 | D:6      | Noticed a +0 spear
  4895 | D:6      | Noticed a +0 dagger
  4895 | D:6      | Noticed a +0 short sword
  4914 | D:6      | Reached skill level 1 in Polearms
  5164 | D:6      | Reached XP level 9. HP: 68/69 MP: 9/9
  5207 | D:6      | Found a hide-covered altar of Uskayaw.
  5598 | D:7      | Noticed Maggie
  5712 | D:7      | Noticed Pikel
  5737 | D:7      | Reached skill level 5 in Axes
  5744 | D:7      | Killed Pikel
  5745 | D:7      | Reached skill level 5 in Dodging
  6284 | D:7      | Killed Maggie
  6981 | D:8      | Reached XP level 10. HP: 75/77 MP: 10/10
  6994 | D:8      | Noticed a kobold demonologist
  7009 | D:7      | Killed a kobold demonologist
  7010 | D:7      | Reached skill level 5 in Polearms
  7020 | D:8      | Reached **** piety under Trog
  7072 | D:8      | Noticed Grum
  7117 | D:8      | Killed Grum
  7455 | D:8      | Found a transporter.
  7457 | D:8      | Found a transporter.
  7476 | D:8      | Noticed Krumphau's ghost (novice DsMo)
  7551 | D:8      | Found a bloodstained altar of Trog.
  7897 | D:9      | Identified the +9 plate armour "Zygyodaj" {rPois rN++ MP+9
                  | Slay+2}
  8004 | D:9      | Noticed a kobold demonologist
  8010 | D:9      | Killed a kobold demonologist
  8011 | D:9      | Noticed Maurice
  8019 | D:9      | Killed Maurice
  8123 | D:9      | Noticed Biggs's ghost (journeyman CoHu)
  8133 | D:9      | Found a runed translucent door.
  8221 | D:9      | Reached ***** piety under Trog
  8365 | D:9      | Reached XP level 11. HP: 84/84 MP: 11/11
  8558 | D:9      | Found a radiant altar of Vehumet.
  8564 | D:9      | Found a glowing silver altar of Zin.
  8565 | D:9      | Found an ancient bone altar of Kikubaaqudgha.
  8565 | D:9      | Found a blossoming altar of Fedhas.
  8565 | D:9      | Found a snail-covered altar of Cheibriados.
  8566 | D:9      | Found an iron altar of Okawaru.
  8567 | D:9      | Found a sacrificial altar of Ru.
  8568 | D:9      | Found an opulent altar of Gozag.
  8569 | D:9      | Found a hazy altar of Hepliaklqana.
  8690 | D:9      | Found a basalt altar of Yredelemnul.
  8802 | D:10     | Entered Level 10 of the Dungeon
  8853 | D:10     | Identified a scroll of acquirement
  8854 | D:10     | Acquired 752 gold pieces
  9003 | D:4      | Bought a pair of embroidered boots for 195 gold pieces
  9003 | D:4      | Bought a pair of embroidered gloves for 195 gold pieces
  9311 | D:10     | Found a sparkling altar of Nemelex Xobeh.
  9312 | D:10     | Found an ancient bone altar of Kikubaaqudgha.
  9313 | D:10     | Found a glowing golden altar of the Shining One.
  9313 | D:10     | Found a white marble altar of Elyvilon.
  9656 | D:10     | Noticed a skeletal warrior
  9678 | D:10     | Killed a skeletal warrior
  9743 | D:10     | Noticed a cyclops
  9743 | D:10     | Noticed an orc knight
  9743 | D:10     | Noticed a deep elf pyromancer
  9753 | D:10     | Killed a deep elf pyromancer
  9758 | D:10     | Killed an orc knight
  9760 | D:10     | Killed a cyclops
  9930 | D:10     | Found a staircase to the Orcish Mines.
 10371 | D:10     | Noticed a boulder beetle
 10387 | D:10     | Killed a boulder beetle
 10388 | D:10     | Reached skill level 5 in Armour
 10425 | D:10     | Noticed an ogre mage
 10431 | D:10     | Killed an ogre mage
 10451 | D:10     | Identified the amulet "Pabutipp" {Reflect rF+ SH+5 SInv}
 10606 | D:11     | Noticed a two-headed ogre
 10608 | D:11     | Noticed a manticore
 10613 | D:11     | Killed a two-headed ogre
 10614 | D:11     | Reached XP level 12. HP: 93/93 MP: 12/12
 10720 | D:11     | Found a staircase to the Lair.
 11676 | D:12     | Found a transporter.
 11679 | D:12     | Noticed Iich's ghost (journeyman DsFi)
 11679 | D:12     | Noticed a two-headed ogre
 11692 | D:12     | Found a transporter.
 11858 | D:12     | Noticed a boulder beetle
 11888 | D:12     | Killed a boulder beetle
 12081 | D:12     | Reached skill level 10 in Maces & Flails
 12112 | D:12     | Identified the +3 leather armour of the Fresh Wumpus {rN+
                  | Stlth+}
 12145 | D:12     | Identified the +5 morningstar of Oruc {antimagic, Dex+2}
                  | (Trog gifted it to you on level 12 of the Dungeon)
 12145 | D:12     | Received a gift from Trog
 12607 | D:13     | Noticed a centaur warrior
 12621 | D:13     | Killed a centaur warrior
 12659 | D:13     | Noticed a two-headed ogre
 12664 | D:13     | Killed a two-headed ogre
 12680 | D:13     | Reached skill level 1 in Throwing
 12712 | D:13     | Noticed a centaur warrior
 12717 | D:13     | Killed a centaur warrior
 12737 | D:13     | Noticed a centaur warrior
 12761 | D:13     | Killed a centaur warrior
 12820 | D:13     | Noticed a tengu warrior
 12820 | D:13     | Noticed a tengu warrior
 12833 | D:13     | Killed a tengu warrior
 12838 | D:13     | Killed a tengu warrior
 12839 | D:13     | Reached XP level 13. HP: 101/101 MP: 7/13
 13182 | D:13     | Noticed Azrael
 13190 | D:13     | Killed Azrael
 13881 | D:14     | Noticed a vault guard
 13881 | D:14     | Noticed a vault guard
 13881 | D:14     | Noticed a vault guard
 13924 | D:14     | Noticed a vault guard
 13936 | D:14     | Killed a vault guard
 13939 | D:14     | Killed a vault guard
 13943 | D:14     | Killed a vault guard
 13952 | D:14     | Killed a vault guard
 13953 | D:14     | Reached skill level 10 in Polearms
 13998 | D:14     | Noticed a vault guard
 14009 | D:14     | Killed a vault guard
 14077 | D:14     | Noticed a vault guard
 14090 | D:14     | Killed a vault guard
 14130 | D:14     | Found a gate to the Vaults.
 14145 | D:14     | Noticed a vault guard
 14158 | D:14     | Noticed a vault guard
 14159 | D:14     | Killed a vault guard
 14167 | D:14     | Killed a vault guard
 15129 | Lair:1   | Entered Level 1 of the Lair of Beasts
 15129 | Lair:1   | Noticed Nergalle
 15149 | Lair:1   | Reached skill level 10 in Fighting
 15151 | Lair:1   | Killed Nergalle
 15173 | Lair:1   | Reached XP level 14. HP: 110/110 MP: 7/14
 15174 | Lair:1   | Acquired a tungsten retrocapacitor {rPois rCorr Slay+3 Clar
                  | RMsl}
 15354 | Lair:1   | Reached skill level 1 in Evocations
 15572 | Lair:1   | Reached skill level 2 in Evocations
 15602 | Lair:1   | Received a gift from Trog
 15798 | Lair:1   | Noticed Amaemon
 15806 | Lair:1   | Killed Amaemon
 16239 | Lair:2   | Found a staircase to the Swamp.
 16350 | Lair:2   | Reached skill level 3 in Evocations
 16856 | Lair:2   | Found a staircase to the Snake Pit.
 17645 | Lair:4   | Acquired the +1 pair of gloves of Widwyczo {^Contam Regen+
                  | Str+2}
 17669 | Lair:4   | Noticed Munuj's ghost (journeyman MDFi)
 17750 | Lair:4   | Reached skill level 4 in Evocations
 17779 | Lair:4   | Reached ****** piety under Trog
 17872 | Lair:4   | Found a transporter.
 17960 | Lair:4   | Found a transporter.
 18461 | Lair:5   | Entered Level 5 of the Lair of Beasts
 18737 | Lair:5   | Reached skill level 5 in Evocations
 18742 | Lair:5   | Reached XP level 15. HP: 117/117 MP: 15/15
 18745 | Lair:5   | Received a gift from Trog
 18864 | Lair:5   | Found a viscous altar of Jiyva.
 18884 | Lair:5   | Found a staircase to the Slime Pits.
 19217 | Lair:5   | Reached skill level 6 in Evocations
 19343 | Lair:5   | Found a corrupted altar of Lugonu.
 19343 | Lair:5   | Found a one-way gate to the infinite horrors of the Abyss.
 19361 | Lair:5   | Identified the +8 shortbow of Pandemonium {flame, rF+
                  | Str+2}
 20090 | D:15     | Entered Level 15 of the Dungeon
 20303 | D:15     | Received a gift from Trog
 20309 | D:15     | Reached skill level 7 in Evocations
 20671 | D:15     | Reached skill level 10 in Armour
 20675 | D:15     | Reached skill level 8 in Evocations
 20869 | D:15     | Found a staircase to the Depths.
 20870 | D:15     | Paralysed by an ogre mage for 4 turns
 21188 | Orc:1    | Entered Level 1 of the Orcish Mines
 21198 | Orc:1    | Noticed Urug
 21209 | Orc:1    | Killed Urug
 21213 | Orc:1    | Reached skill level 9 in Evocations
 21250 | Orc:1    | Found a roughly hewn altar of Beogh.
 21270 | Orc:1    | Noticed an orc warlord
 21307 | Orc:1    | Killed an orc warlord
 21309 | Orc:1    | Reached XP level 16. HP: 128/128 MP: 16/16
 21484 | Orc:1    | Received a gift from Trog
 21623 | Orc:1    | Noticed Harold
 21630 | Orc:1    | Killed Harold
 21829 | Orc:2    | Entered Level 2 of the Orcish Mines
 21847 | Orc:2    | Reached skill level 10 in Evocations
 22025 | Orc:2    | Found a staircase to the Elven Halls.
 22028 | Orc:2    | Found a roughly hewn altar of Beogh.
 22116 | Orc:2    | Received a gift from Trog
 22167 | Orc:2    | Found Ynuitzeo's Jewellery Shoppe.
 22171 | Orc:2    | Found a roughly hewn altar of Beogh.
 22207 | Orc:2    | Found Rulepremp's Antique Weapon Shoppe.
 22283 | Orc:2    | Found Haimank's Weapon Shop.
 22508 | Orc:2    | Found Jagages's General Store.
 22531 | Orc:2    | Bought a potion of heal wounds for 65 gold pieces
 22712 | Orc:2    | Bought a runed broad axe for 245 gold pieces
 22891 | D:4      | Bought a spiked plate armour for 728 gold pieces
 22891 | D:4      | Identified the +6 plate armour "Biumuxip" {+Inv MP-9 Int+5}
                  | (You bought it in a shop on level 4 of the Dungeon)
 23080 | Snake:1  | Entered Level 1 of the Snake Pit
 23081 | Snake:1  | Upgraded the game from 0.32-a0-900-g30fb1b0edc to
                  | 0.32-a0-909-gc671339a80
 23225 | Snake:1  | Noticed Roxanne
 24370 | Snake:1  | Killed Roxanne
 24497 | Snake:2  | Received a gift from Trog
 24662 | Snake:2  | Noticed a nagaraja
 24669 | Snake:2  | Killed a nagaraja
 24732 | Snake:2  | Noticed a nagaraja
 24736 | Snake:2  | Killed a nagaraja
 24737 | Snake:2  | Reached XP level 17. HP: 140/140 MP: 17/17
 24908 | Snake:2  | Found a runed translucent gate.
 24908 | Snake:2  | Found a runed translucent gate.
 24909 | Snake:2  | Found a runed translucent gate.
 25148 | Snake:2  | Identified the +2 pair of gloves "Hero's Friend" {rF+ rC-
                  | Will+}
 25489 | Snake:2  | Noticed RBrandon's ghost (adept MDMo)
 25495 | Snake:2  | Reached skill level 11 in Evocations
 25531 | Snake:2  | Killed RBrandon's ghost
 25580 | Snake:3  | Identified the serpent talisman "Boweff" {rC- Str+5}
 25580 | Snake:3  | Noticed Aizul
 25588 | Snake:3  | Reached skill level 15 in Fighting
 25589 | Snake:3  | Killed Aizul
 25700 | Snake:3  | Noticed Mara
 25723 | Snake:3  | Killed Mara
 25911 | Snake:3  | Received a gift from Trog
 26244 | Snake:3  | Reached skill level 15 in Maces & Flails
 26260 | Snake:3  | Reached skill level 12 in Evocations
 26805 | Snake:4  | Entered Level 4 of the Snake Pit
 26907 | Snake:4  | Reached skill level 10 in Axes
 27394 | Snake:4  | Received a gift from Trog
 27633 | Snake:4  | Reached XP level 18. HP: 149/149 MP: 18/18
 27974 | Snake:4  | Noticed a quicksilver dragon
 27990 | Snake:4  | Killed a quicksilver dragon
 28007 | Snake:4  | Reached skill level 13 in Evocations
 28122 | Snake:4  | Got a serpentine rune of Zot
 28338 | Swamp:1  | Entered Level 1 of the Swamp
 28400 | Swamp:1  | Identified the +3 flail of Syeheaph {freeze, Will+ Dex+3}
 28635 | Swamp:1  | Received a gift from Trog
 30207 | Swamp:3  | Reached skill level 14 in Evocations
 30215 | Swamp:3  | Identified the staff of Ciurut {rElec rC- Int-3 Summ Fire
                  | Air}
 30216 | Swamp:3  | Identified the staff of Nightmares {rN+ rCorr Str-2 Dex-3
                  | SInv Necro}
 30505 | Swamp:4  | Entered Level 4 of the Swamp
 30619 | Swamp:4  | Received a gift from Trog
 30681 | Swamp:4  | Reached XP level 19. HP: 39/155 MP: 19/19
 30881 | Swamp:4  | Reached skill level 10 in Dodging
 31042 | Swamp:4  | Got a decaying rune of Zot
 31225 | Swamp:4  | Reached skill level 15 in Evocations
 31559 | Swamp:4  | Received a gift from Trog
 31744 | Vaults:1 | Entered Level 1 of the Vaults
 31958 | Vaults:1 | Found a huge runed translucent gate.
 31983 | Vaults:1 | Found a huge runed translucent gate.
 32004 | Vaults:1 | Found a huge runed translucent gate.
 32041 | Vaults:1 | Found a huge runed translucent gate.
 32049 | Vaults:1 | Found a huge runed translucent gate.
 32049 | Vaults:1 | Found a huge runed translucent gate.
 32049 | Vaults:1 | Found a huge runed translucent gate.
 32049 | Vaults:1 | Found a huge runed translucent gate.
 32049 | Vaults:1 | Found a huge runed translucent gate.
 32049 | Vaults:1 | Found a huge runed translucent gate.
 32049 | Vaults:1 | Found a huge runed translucent gate.
 32049 | Vaults:1 | Found a huge runed translucent gate.
 32050 | Vaults:1 | Found a huge runed translucent gate.
 32050 | Vaults:1 | Found a huge runed translucent gate.
 32050 | Vaults:1 | Found a huge runed translucent gate.
 32051 | Vaults:1 | Found a huge runed translucent gate.
 32052 | Vaults:1 | Found a huge runed translucent gate.
 32053 | Vaults:1 | Found a huge runed translucent gate.
 32054 | Vaults:1 | Found a huge runed translucent gate.
 32055 | Vaults:1 | Found a huge runed translucent gate.
 32055 | Vaults:1 | Found a huge runed translucent gate.
 32062 | Vaults:1 | Found a huge runed translucent gate.
 32064 | Vaults:1 | Found a huge runed translucent gate.
 32064 | Vaults:1 | Found a huge runed translucent gate.
 32064 | Vaults:1 | Found a huge runed translucent gate.
 32064 | Vaults:1 | Found a huge runed translucent gate.
 32071 | Vaults:1 | Found a huge runed translucent gate.
 32072 | Vaults:1 | Found a huge runed translucent gate.
 32073 | Vaults:1 | Found a huge runed translucent gate.
 32073 | Vaults:1 | Found a huge runed translucent gate.
 32078 | Vaults:1 | Found a huge runed translucent gate.
 32079 | Vaults:1 | Found a huge runed translucent gate.
 32079 | Vaults:1 | Found a huge runed translucent gate.
 32079 | Vaults:1 | Found a huge runed translucent gate.
 32079 | Vaults:1 | Found a huge runed translucent gate.
 32081 | Vaults:1 | Found a huge runed translucent gate.
 32252 | Vaults:1 | Found a runed translucent door.
 32610 | Vaults:1 | Noticed Epirepp's ghost (adept DrSh)
 33093 | Vaults:1 | Paralysed by a formless jellyfish for 1 turns
 33275 | Vaults:1 | Noticed a hellephant
 33283 | Vaults:1 | Received a gift from Trog
 33287 | Vaults:1 | Killed a hellephant
 33289 | Vaults:1 | Reached skill level 16 in Evocations
 33293 | Vaults:1 | HP: 2/232 [burnt (14)]
 33294 | Vaults:1 | Incinerated by a balrug

Illustrated notes

Levels and vault maps discovered:
D:1:      erik_arrival_orb_chamber, layout_loops_ring
D:2:      layout_loops_ring, minmay_fractal_squares_5, uniq_natasha
D:3:      layout_basic, serial_curves, eino_curves_03, eino_curves_04,
          st_stairs_10, grunt_ministairs_13, uniq_jessica
D:4:      layout_gridville, minmay_temple_entry_junction, serial_shops,
          nicolae_shop_crystal
D:5:      layout_basic, hex_large, uniq_duvessa
D:6:      layout_basic, nicolae_uskayaw_en_pointe,
          nicolae_qazlal_style_of_elements, chequers_serial_rivers_room_a,
          serial_library_hellmonk_room_b, kennysheep_generic_room_11
D:7:      layout_layer_cave, serial_shops, nicolae_stop_n_shop_1, uniq_maggie,
          uniq_pikel
D:8:      layout_loops_ring, trog_ov_bears_minmay, gammafunk_ghost_hive,
          uniq_grum
D:9:      layout_roguey, lemuel_mausoleum_altar_yredelemnul, minitemple,
          hellmonk_ghost_happy_afterlife, grunt_decor_clamped, uniq_maurice
D:10:     minmay_the_grid_octo_tiled_octocenter [minmay_the_grid_octo_shrine,
          minmay_the_grid_octo_empty, minmay_the_grid_octo_clover_2,
          minmay_the_grid_octo_odd_swirl,
          minmay_the_grid_octo_prize_single_spiral,
          minmay_the_grid_square_5x5_inner_v,
          minmay_the_grid_square_5x5_bracketed,
          minmay_the_grid_square_5x5_minimal,
          minmay_the_grid_square_5x5_inner_z], layout_stronghold, orc_0_dummy,
          dk_rats_in_the_wall
D:11:     layout_loops_corners, erik_lair_island
D:12:     layout_irregular_city, serial_column_ruins, column_ruins_pillar_1,
          column_ruins_pillar_2, column_ruins_pillar_9, column_ruins_pillar_7,
          column_ruins_pillar_9, column_ruins_pillar_12, column_ruins_pillar_4,
          column_ruins_pillar_2, column_ruins_pillar_4, column_ruins_pillar_9,
          column_ruins_pillar_1, column_ruins_pillar_4, column_ruins_pillar_2,
          column_ruins_pillar_3, column_ruins_pillar_8, column_ruins_pillar_6,
          column_ruins_pillar_3, column_ruins_pillar_2, column_ruins_pillar_7,
          column_ruins_pillar_3, nzn_ghost_randoct
D:13:     layout_loops_ring, nicolae_eternal_life, uniq_azrael
D:14:     layout_roguey, erik_vaults_2, serial_curves, eino_curves_02,
          eino_curves_03, dk_noncrumbling_2
D:15:     hellmonk_depths_entry_around_the_bend, layout_basic,
          grunt_ministairs_15
Lair:1:   layout_cave_pods, minmay_stone_trees_small, uniq_nergalle,
          uniq_amaemon
Lair:2:   layout_gridlike, minmay_swamp_entry_swarm, nicolae_snake_entry_squirm
Lair:3:   layout_hall_layers
Lair:4:   layout_hall_layers, gammafunk_ghost_berserking_beasts,
          grunt_megastairs_3, serial_bayou_shore_b, serial_bayou_shore_a
Lair:5:   hellmonk_lair_end_abyssal_woods, layout_cave_pods,
          dpeg_slime_entry_enclosed, grunt_megastairs_1,
          infiniplex_staircase_pool_2
Swamp:1:  layout_basic_swamp, evilmike_swamp_ruin_house_3
Swamp:2:  layout_basic_swamp, serial_swamp_ruin, evilmike_swamp_ruin_house_5,
          evilmike_swamp_ruin_house_2, evilmike_swamp_ruin_wall
Swamp:3:  nzn_winding_woodlands_cross [nzn_winding_woodlands_5x15_sidewinder,
          nzn_winding_woodlands_5x15_twine, nzn_winding_woodlands_5x15_jagged,
          nzn_winding_woodlands_5x15_split_checker,
          nzn_winding_woodlands_15x15_boxy_spiral], layout_basic_swamp,
          nicolae_swamp_treefoil, swamp_pool_3
Swamp:4:  swamp_alternative, layout_basic_swamp, swamp_pool_5,
          cheibrodos_swamp_minitomb
Snake:1:  layout_chambers, grunt_megastairs_2, uniq_roxanne
Snake:2:  layout_grid_maze, gammafunk_ghost_necromancy, guppyfry_snake_island
Snake:3:  layout_concentric_octagons, uniq_mara, uniq_aizul
Snake:4:  hellmonk_snake_rune_quicksilver_temple, layout_onion_interference
Orc:1:    layout_caves, basic_altar, uniq_harold, uniq_urug
Orc:2:    hellmonk_orc_salted, layout_caves, basic_altar
Vaults:1: hellmonk_ghost_big_iron, hangedman_vaults_cutoff,
          serial_library_hellmonk_reading_circle, nicolae_vaults_little_ls,
          vaults_room_hallway, not_door_vault_due, vaults_dpeg_ring, v_misc_28,
          nicolae_vaults_apartment_1, nicolae_vaults_theta,
          vaults_room_stairs_pillars, v_rooms_5, layout_vaults_maze

Skill      XL: |  1  2  3  4  5  6  7  8  9 10 11 12 13 14 15 16 17 18 19 |
---------------+----------------------------------------------------------+-----
Maces & Flails | 3 4 5 6 8 9 10 11 13 14 15 | 15.0
Dodging        | 2 3 4 5 6 7 8 9 10 | 10.8
Fighting       | 4 5 6 7 8 9 10 12 14 15 | 15.6
Axes           | 2 4 6 7 10 12 | 12.4
Polearms       | 2 4 6 8 9 10 12 | 12.7
Armour         | 3 5 6 8 9 10 11 13 | 13.1
Throwing       | 2 3 |  3.0
Evocations     | 5 9 10 12 14 16 | 16.0

Action                     |  1- 3 |  4- 6 |  7- 9 | 10-12 | 13-15 | 16-18 | 19-21 || total
---------------------------+-------+-------+-------+-------+-------+-------+-------++-------
  Melee: Mace              |    85 |    77 |    14 |       |       |       |       ||   176
         Dagger            |    66 |       |       |       |       |       |       ||    66
         Flail             |     7 |    81 |    64 |       |       |       |       ||   152
         Hand axe          |       |       |   121 |       |       |       |       ||   121
         Trident           |       |       |   101 |   487 |   750 |       |       ||  1338
         Morningstar       |       |       |    17 |   414 |   248 |       |       ||   679
         Demon whip        |       |       |       |       |   656 |   927 |   393 ||  1976
         Eveningstar       |       |       |       |       |    13 |       |       ||    13
         Broad axe         |       |       |       |       |       |   511 |   136 ||   647
  Throw: Dart              |       |       |       |    14 |     7 |       |       ||    21
 Invoke: Berserk           |       |     3 |     2 |     3 |    12 |    16 |     5 ||    41
         Trog's Hand       |       |       |       |       |       |       |     1 ||     1
         Brothers in Arms  |       |       |       |       |       |       |     1 ||     1
Ability: Invent Gizmo      |       |       |       |       |     1 |       |       ||     1
  Evoke: Wand              |       |       |       |     2 |     4 |     8 |       ||    14
         Lightning rod     |       |       |       |       |       |     3 |       ||     3
         Condenser vane    |       |       |       |       |       |       |     1 ||     1
    Use: Potion            |       |       |     2 |     1 |       |       |       ||     3
         Scroll            |       |       |     1 |    10 |    22 |     5 |       ||    38
 Armour: Animal skin       |    45 |       |       |       |       |       |       ||    45
         Ring mail         |     3 |    56 |   110 |       |       |       |       ||   169
         Steam dragon scal |       |       |    17 |    56 |       |       |       ||    73
         Plate armour      |       |       |       |   451 |   675 |   832 |   287 ||  2245
         Acid dragon scale |       |       |       |     5 |       |       |       ||     5
         Skin              |       |       |       |       |       |       |     1 ||     1
  Dodge: Dodged            |    71 |    56 |   118 |   199 |   243 |   259 |   108 ||  1054
         Repelled          |       |       |       |       |    12 |    84 |    25 ||   121

Table legend: (Time is in decaauts)
 A = Elapsed time spent in this place.
 B = Non-inter-level travel time spent in this place.
 C = Inter-level travel time spent in this place.
 D = Time resting spent in this place.
 E = Time spent auto-exploring this place.
 F = Levels seen in this place.
 G = Mean time per level.
                   A        B        C        D        E       F      G
               +--------+--------+--------+--------+--------+-----+--------+
         Total |  33324 |  30563 |   2761 |   2304 |  21853 |  31 | 1075.0 |
       Dungeon |  16896 |  15257 |   1639 |   1347 |  10818 |  15 | 1126.4 |
          Lair |   4773 |   4409 |    364 |      9 |   3601 |   5 |  954.6 |
         Swamp |   3330 |   3169 |    161 |    182 |   2309 |   4 |  832.5 |
     Snake Pit |   5251 |   4927 |    324 |    431 |   3262 |   4 | 1312.8 |
  Orcish Mines |   1602 |   1439 |    163 |    159 |    946 |   2 |  801.0 |
        Vaults |   1470 |   1363 |    107 |    173 |    915 |   1 | 1470.0 |
               +--------+--------+--------+--------+--------+-----+--------+

Top non-repeatable levels by time:
     D:7: 1689 daAuts
    D:10: 1680 daAuts
    D:14: 1482 daAuts
Vaults:1: 1470 daAuts
 Snake:4: 1414 daAuts
 Snake:1: 1343 daAuts
    D:13: 1324 daAuts
     D:5: 1314 daAuts
  Lair:5: 1278 daAuts
 Snake:3: 1260 daAuts
 Snake:2: 1233 daAuts
  Lair:1: 1227 daAuts
    D:11: 1166 daAuts
     D:6: 1144 daAuts
 Swamp:3: 1134 daAuts
